 Dungeon Crawl Stone Soup version 0.15.2 (webtiles) character file.

91611 Huymann the Severer (level 15, -8/134 HPs)
             Began as a Minotaur Fighter on Jan 9, 2015.
             Was a High Priest of Okawaru.
             Mangled by a white very ugly thing (14 damage)
             ... on Level 1 of the Depths.
             The game lasted 02:45:16 (18697 turns).

Huymann the Severer (Minotaur Fighter)             Turns: 18697, Time: 02:45:16

HP  -8/134       AC 38     Str 25      XL: 15   Next: 55%
MP  14/15        EV 13     Int  8      God: Okawaru [*****.]
Gold 863         SH 19     Dex 12      Spells:  0 memorised, 14 levels left

rFire  + . .     SeeInvis +     Y - +5 hand axe of Indomitability {pain, +Inv rF+ Str+3 Dex+3}
rCold  + . .     Clarity  +     H - +15 plate armour of the Engineer {+Blink +Inv Dex-3}
rNeg   . . .     rCorr    .     v - +4 shield of Blyr {+Rage rPois}
rPois  +         rRot     .     Z - +2 hat
rElec  .         Spirit   .     G - +1 cloak
SustAb .         Warding  .     X - +0 pair of gloves
rMut   .         Stasis   .     (no boots)
Gourm  .                        y - amulet of clarity
MR     +....                    a - ring of protection from cold
                                o - ring of see invisible

@: heroism, somewhat resistant to hostile enchantments, extremely unstealthy
A: retaliatory headbutt, horns 2
a: Heroism, Finesse, Renounce Religion, Evoke Blink, Evoke Berserk Rage, Evoke
Invisibility


You were on level 1 of the Depths.
You worshipped Okawaru.
Okawaru was extremely pleased with you.
You were not hungry.

You visited 4 branches of the dungeon, and saw 18 of its levels.
You also visited: Bailey and Ice Cave.

You collected 1423 gold pieces.
You spent 560 gold pieces at shops.

Inventory:

Hand weapons
 g - a cursed -2 hunting sling
 t - a +3 mace of crushing
 E - a +6 antimagic war axe
 I - a +2 flail of freezing
 Y - the +5 hand axe of Indomitability (weapon) {pain, +Inv rF+ Str+3 Dex+3}
   (You found it on level 10 of the Dungeon)

   In the hands of one skilled in necromantic magic, it inflicts extra damage on
   living creatures.
   It affects your strength (+3).
   It affects your dexterity (+3).
   It protects you from fire.
   It lets you turn invisible.
Missiles
 m - 14 steel sling bullets
 u - 117 sling bullets
 x - 59 tomahawks of returning (quivered)
 B - 13 sling bullets of frost
 S - 31 poisoned sling bullets
Armour
 b - the +5 ring mail of the Alphagorgon {Str+1 Int+3}
   (Okawaru gifted it to you on level 13 of the Dungeon)

   It affects your strength (+1).
   It affects your intelligence (+3).
 v - the +4 shield of Blyr (worn) {+Rage rPois}
   (Okawaru gifted it to you on level 15 of the Dungeon)

   It protects you from poison.
   It lets you go berserk.
 G - a +1 cloak (worn)
 H - the +15 plate armour of the Engineer (worn) {+Blink +Inv Dex-3}
   (Okawaru gifted it to you on level 1 of the Depths)

   It affects your dexterity (-3).
   It lets you turn invisible.
   It lets you blink.
 X - a +0 pair of gloves (worn)
 Z - a +2 hat (worn)
Magical devices
 c - a wand of frost (14)
 h - a wand of cold (4)
 j - a wand of heal wounds (0)
 C - a wand of disintegration (10)
 D - a wand of fire (3)
 N - a wand of fire (7)
 O - a wand of teleportation (4)
 T - a wand of digging (13)
Comestibles
 d - 14 bread rations
 l - 3 royal jellies
 r - 6 meat rations
Scrolls
 s - 5 scrolls of fog
 z - 5 scrolls of teleportation
 A - 3 scrolls of fear
 F - 3 scrolls of identify
 U - 2 scrolls of magic mapping
 W - 7 scrolls of remove curse
Jewellery
 a - a ring of protection from cold (right hand)
 i - an uncursed amulet of resist corrosion
 n - an uncursed ring of teleportation
 o - a ring of see invisible (left hand)
 w - a +4 ring of intelligence
 y - an amulet of clarity (around neck)
 L - an uncursed amulet of warding
 M - an uncursed ring of sustain abilities
 P - an uncursed ring of fire
 R - a +1 ring of strength
 V - an uncursed amulet of resist mutation
Potions
 e - 2 potions of might
 f - 2 potions of cure mutation
 k - 2 potions of cancellation
 p - 4 potions of curing
 q - a potion of flight
 J - 2 potions of heal wounds
 K - a potion of agility
 Q - a potion of resistance


   Skills:
 * Level 12.7(17.7) Fighting
 * Level 15.1(20.1) Axes
 + Level 2.3(15.4) Maces & Flails
 + Level 8.4(13.9) Slings
   Level 2.1(7.1) Bows
 + Level 3.8(11.2) Throwing
 * Level 11.1(16.1) Armour
 * Level 14.0(19.0) Dodging
 + Level 2.2(7.2) Stealth
 * Level 13.0(18.0) Shields
 + Level 1.2(6.2) Unarmed Combat
 + Level 3.6 Invocations
 * Level 2.8 Evocations


You had 14 spell levels left.
You didn't know any spells.

Dungeon Overview and Level Annotations

Branches:
Dungeon (15/15)            Temple (1/1) D:6             Orc (0/4) D:11
   Lair (1/8) D:9          Vaults (0/5) D:13         Depths (1/5) D:15

Altars:
Ashenzari
Cheibriados
Dithmenos
Elyvilon
Fedhas
Nemelex Xobeh
Okawaru
Qazlal
Vehumet
Yredelemnul
Zin
The Shining One

Shops:
D:9 ?

Portals:
Pandemonium: Depths:1

Annotations:
D:15 exclusion: 2 orange crystal statues


Innate Abilities, Weirdness & Mutations

You reflexively headbutt those who attack you in melee.
You have a pair of horns on your head.


Message History

The white ugly thing is almost dead.
The white very ugly thing claws you! The white very ugly thing freezes you!!
You resist. The white very ugly thing misses you.
You slash the white ugly thing!
You kill the white ugly thing!
Okawaru accepts your kill.
You slash the white very ugly thing!
The white very ugly thing is heavily wounded.
You hit the brown ugly thing.
The brown ugly thing is moderately wounded.
You completely miss the white very ugly thing.
The white very ugly thing is heavily wounded.
The white very ugly thing claws you.
* * * LOW HITPOINT WARNING * * *
The white very ugly thing freezes you!! You resist.
* * * LOW HITPOINT WARNING * * *
The white very ugly thing tail-slaps you!
* * * LOW HITPOINT WARNING * * *
The white very ugly thing freezes you! You resist.
You die...

.... #... ..# ..... ###
##..... ### ... ##....# #".
#... ##....# ... #####
.....##..u..# .........#
.....#..u)u.# ........#
#...Z...pu@# .........
....Z....###### .........##
..............###.........#
..............).#.....(...#
..........................(
.........................)
.#.#.#.#.#.#.#.#.#.#.#.#(#
#######................)≈
##.≈≈.............)


You could see 2 very ugly things, 2 ugly things, a necromancer (invisible), a
spriggan zombie and a minotaur skeleton.

Vanquished Creatures
  4 frost giants
  An emperor scorpion (Depths:1)
  2 stone giants (Depths:1)
  A dire elephant (Depths:1)
  8 vault guards (D:13)
  A merfolk impaler (Depths:1)
  2 fire dragons (D:14)
  An ettin (Depths:1)
  A hydra (D:11)
  A ravenous item mimic (Depths:1)
  Nessos (D:13)
  4 centaur warriors
  Erica (D:14)
  3 death yaks (IceCv)
  A catoblepas (D:15)
  2 unseen horrors
  5 skeletal warriors (D:15)
  A deep troll (D:14)
  8 wizards
  Erolcha (D:13)
  Pikel (D:7)
  7 hill giants
  12 ugly things
  3 cyclopes
  A griffon (D:14)
  2 gargoyles
  A black mamba (Lair:1)
  Joseph (D:9)
  A kobold demonologist (D:14)
  12 yaktaurs
  3 komodo dragons (Lair:1)
  A freezing wraith (D:14)
  16 polar bears (IceCv)
  4 trolls
  A fire dragon zombie (D:13)
  3 shadows
  2 two-headed ogres
  A wraith (D:11)
  A spriggan (D:9)
  2 water elementals (Depths:1)
  5 deep elf magi
  2 hill giant zombies
  20 yaks
  Eustachio (D:7)
  A steam dragon (D:11)
  4 hippogriffs
  3 vampire mosquitoes (D:14)
  14 wolves (IceCv)
  A soldier ant (D:11)
  Edmund (D:5)
  A hungry ghost (D:7)
  2 mottled dragons
  A naga (shapeshifter) (Depths:1)
  A porcupine (Lair:1)
  9 orc warriors
  An ice beast (D:14)
  5 phantoms
  2 black bears
  4 sky beasts
  2 yellow wasps
  7 ogres
  2 big kobolds
  A necrophage (D:14)
  Sigmund (D:6)
  2 crocodiles (D:9)
  13 centaurs
  A brain worm (D:9)
  14 giant frogs
  2 eyes of draining
  2 gnoll sergeants
  7 scorpions
  A hippogriff skeleton (D:13)
  13 killer bees
  A troll skeleton (D:7)
  17 wights
  A centaur zombie (D:5)
  2 goliath beetles (D:7)
  A lava snake (D:13)
  7 crimson imps
  A giant frog zombie (D:7)
  2 quasits
  8 orc priests
  A centaur skeleton (D:9)
  Crazy Yiuf (D:7)
  3 jellies
  9 orc wizards
  An elf skeleton (D:10)
  9 hounds
  14 worker ants
  5 iguanas
  A black bear skeleton (D:5)
  2 shapeshifter simulacra
  A big kobold zombie (D:10)
  5 sheep
  A sky beast zombie (D:9)
  An ogre skeleton (D:9)
  2 hound skeletons
  23 gnolls
  A green rat (D:7)
  15 adders
  A giant mite (D:5)
  3 shadow imps
  2 white imps
  3 worms
  3 ufetubi
  An adder skeleton (D:5)
  An adder zombie (D:9)
  An orc skeleton (D:5)
  7 giant geckos
  51 orcs
  2 ball pythons
  A bat skeleton (D:6)
  4 giant cockroaches
  9 goblins
  22 hobgoblins
  13 jackals
  26 kobolds
  6 quokkas
  15 bats
  5 giant newts
  2 hobgoblin skeletons
  A jackal skeleton (D:8)
  2 orc zombies
  20 rats
  A rat skeleton (D:7)
  4 ballistomycetes (D:8)
  A plant (D:1)
612 creatures vanquished.

Vanquished Creatures (others)
  A jiangshi (Depths:1)
  A polar bear (IceCv)
  2 slaves (D:7)
  A wight (D:7)
  An adder (D:7)
  A goblin (D:7)
  A giant spore (D:8)
8 creatures vanquished.

Grand Total: 620 creatures vanquished

Notes
Turn   | Place    | Note
--------------------------------------------------------------
     0 | D:1      | Huymann, the Minotaur Fighter, began the quest for the Orb.
     0 | D:1      | Reached XP level 1. HP: 19/19 MP: 1/1
   143 | D:1      | Reached XP level 2. HP: 24/27 MP: 1/1
   407 | D:1      | Reached skill level 4 in Armour
   625 | D:2      | Reached skill level 1 in Dodging
   645 | D:2      | Reached XP level 3. HP: 30/33 MP: 2/2
   844 | D:2      | Reached XP level 4. HP: 23/40 MP: 2/2
  1887 | D:4      | Found a snail-covered altar of Cheibriados.
  1887 | D:4      | Found a white marble altar of Elyvilon.
  2042 | D:4      | Found a shadowy altar of Dithmenos.
  2043 | D:4      | Noticed an ogre
  2047 | D:4      | Killed an ogre
  2047 | D:4      | Reached XP level 5. HP: 30/47 MP: 2/2
  2191 | D:4      | Found a basalt altar of Yredelemnul.
  2193 | D:4      | Found a radiant altar of Vehumet.
  2322 | D:4      | Reached XP level 6. HP: 45/53 MP: 3/3
  2367 | D:4      | Noticed an ogre
  2372 | D:4      | Killed an ogre
  2372 | D:4      | Reached skill level 5 in Armour
  2408 | D:4      | Reached skill level 5 in Axes
  2510 | D:5      | Entered Level 5 of the Dungeon
  2510 | D:5      | Noticed Edmund
  2519 | D:5      | Killed Edmund
  2519 | D:5      | Reached skill level 5 in Fighting
  2519 | D:5      | Reached XP level 7. HP: 38/61 MP: 3/3
  2691 | D:5      | Reached skill level 6 in Axes
  2691 | D:5      | Reached skill level 5 in Shields
  2935 | D:5      | Reached skill level 7 in Axes
  2935 | D:5      | Reached XP level 8. HP: 70/70 MP: 3/3
  3754 | D:6      | Found a staircase to the Ecumenical Temple.
  3775 | Temple   | Entered the Ecumenical Temple
  3794 | Temple   | Became a worshipper of Warmaster Okawaru
  4135 | D:6      | Reached skill level 8 in Axes
  4318 | D:6      | Reached skill level 5 in Dodging
  4377 | D:6      | Noticed Sigmund
  4384 | D:6      | Killed Sigmund
  4412 | D:6      | Reached XP level 9. HP: 73/79 MP: 4/4
  4474 | D:6      | Found a snail-covered altar of Cheibriados.
  4584 | D:6      | Acquired Okawaru's first power
  4958 | D:7      | Noticed Crazy Yiuf
  4964 | D:7      | Killed Crazy Yiuf
  5012 | D:7      | Noticed Eustachio
  5049 | D:7      | Killed Eustachio
  5349 | D:7      | Reached skill level 9 in Axes
  5430 | D:7      | Noticed Pikel
  5459 | D:7      | Killed Pikel
  5459 | D:7      | Reached skill level 1 in Evocations
  6199 | D:8      | Found a stormy altar of Qazlal.
  6225 | D:8      | Reached XP level 10. HP: 88/88 MP: 5/5
  6322 | D:8      | Reached skill level 10 in Axes
  7046 | D:9      | Found Emisu's Magic Scroll Shop.
  7079 | D:9      | Bought a scroll of identify for 28 gold pieces
  7081 | D:9      | Bought a scroll of identify for 28 gold pieces
  7084 | D:9      | Bought a scroll of identify for 28 gold pieces
  7086 | D:9      | Bought a scroll of enchant weapon for 105 gold pieces
  7086 | D:9      | Bought a scroll of enchant armour for 105 gold pieces
  7086 | D:9      | Bought a scroll of recharging for 133 gold pieces
  7086 | D:9      | Bought a scroll of recharging for 133 gold pieces
  7141 | D:9      | Reached skill level 1 in Slings
  7167 | D:9      | Found a staircase to the Lair.
  7205 | D:9      | Noticed Joseph
  7253 | D:9      | Killed Joseph
  7576 | D:9      | Reached skill level 11 in Axes
  7919 | Lair:1   | Entered Level 1 of the Lair of Beasts
  8061 | Lair:1   | Reached XP level 11. HP: 57/97 MP: 6/6
  8096 | Lair:1   | Noticed a black mamba
  8111 | Lair:1   | Killed a black mamba
  8631 | D:10     | Entered Level 10 of the Dungeon
  8691 | D:10     | Got a crude hand axe
  8711 | D:10     | Identified the +5 hand axe of Indomitability {pain, +Inv rF+ Str+3 Dex+3} (You found it on level 10 of the Dungeon)
  9490 | D:11     | Noticed an unseen horror
  9767 | D:11     | Noticed a hill giant
  9774 | D:11     | Killed a hill giant
  9774 | D:11     | Reached skill level 1 in Throwing
  9775 | D:11     | Noticed a hill giant
  9784 | D:11     | Killed a hill giant
  9784 | D:11     | Reached skill level 12 in Axes
  9802 | D:11     | Acquired Okawaru's second power
  9842 | D:11     | Found a staircase to the Orcish Mines.
  9866 | D:11     | Noticed a hill giant
  9893 | D:11     | Killed a hill giant
  9980 | D:11     | Reached skill level 10 in Dodging
 10104 | D:11     | Reached skill level 1 in Invocations
 10124 | D:11     | Noticed a five-headed hydra
 10143 | D:11     | Killed a five-headed hydra
 10209 | D:11     | Killed an unseen horror
 10232 | D:11     | Reached skill level 10 in Fighting
 10373 | D:12     | Received a gift from Okawaru
 10373 | D:12     | Reached XP level 12. HP: 84/106 MP: 4/7
 10412 | D:12     | Got a brightly glowing shortbow {god gift}
 10679 | D:12     | Reached skill level 1 in Maces & Flails
 10714 | D:12     | Found a flagged portal.
 10725 | Bailey   | Entered a bailey
 11046 | Bailey   | Identified the +4 shortbow of Pyromania {venom, rElec} (Okawaru gifted it to you on level 12 of the Dungeon)
 11703 | D:13     | Found a gate to the Vaults.
 11703 | D:13     | Noticed a vault guard
 11703 | D:13     | Noticed a vault guard
 11703 | D:13     | Noticed a vault guard
 11703 | D:13     | Noticed a vault guard
 11704 | D:13     | Noticed a vault guard
 11704 | D:13     | Noticed a vault guard
 11704 | D:13     | Noticed a vault guard
 11705 | D:13     | Noticed a vault guard
 11724 | D:13     | Killed a vault guard
 11739 | D:13     | Killed a vault guard
 11756 | D:13     | Killed a vault guard
 11756 | D:13     | Received a gift from Okawaru
 11756 | D:13     | Reached skill level 5 in Slings
 11793 | D:13     | Killed a vault guard
 11814 | D:13     | Killed a vault guard
 11814 | D:13     | Reached skill level 13 in Axes
 11830 | D:13     | Killed a vault guard
 11830 | D:13     | Reached skill level 10 in Shields
 11844 | D:13     | Killed a vault guard
 11851 | D:13     | Killed a vault guard
 11898 | D:13     | Got a polished ring mail {god gift}
 11911 | D:13     | Identified the +5 ring mail of the Alphagorgon {Str+1 Int+3} (Okawaru gifted it to you on level 13 of the Dungeon)
 11985 | D:13     | Got a smoking cutlass
 12270 | D:13     | Noticed Erolcha
 12282 | D:13     | Killed Erolcha
 12317 | D:13     | Noticed a centaur warrior
 12332 | D:13     | Killed a centaur warrior
 12628 | D:13     | Noticed a centaur warrior
 12641 | D:13     | Killed a centaur warrior
 12650 | D:13     | Reached XP level 13. HP: 105/116 MP: 7/9
 12658 | D:13     | Reached skill level 1 in Stealth
 12708 | D:13     | Got a fine ring mail
 12719 | D:13     | Identified the -5 ring mail "Cronoxob" {Str+3} (You took it off an orc on level 13 of the Dungeon)
 13065 | D:13     | Noticed Nessos
 13084 | D:13     | Killed Nessos
 13127 | D:13     | Reached skill level 10 in Armour
 13127 | D:13     | Reached skill level 1 in Unarmed Combat
 13127 | D:13     | Reached XP level 14. HP: 116/124 MP: 9/11
 13330 | D:14     | Found a frozen archway.
 13359 | IceCv    | Entered an ice cave
 13449 | IceCv    | Received a gift from Okawaru
 13932 | IceCv    | Noticed a frost giant
 14020 | IceCv    | Killed a frost giant
 14317 | IceCv    | Got a glittering brass ring
 14326 | IceCv    | Identified the ring "Vuseeso" {Dex-4 Int+4} (You found it in an ice cave)
 14834 | D:14     | Reached skill level 14 in Axes
 15156 | D:14     | Noticed Erica
 15164 | D:14     | Killed Erica
 15450 | D:14     | Paralysed by a wizard for 4 turns
 15836 | D:15     | Entered Level 15 of the Dungeon
 15931 | D:15     | Received a gift from Okawaru
 15939 | D:15     | Got a distressingly furry shield {god gift}
 15950 | D:15     | Identified the +4 shield of Blyr {+Rage rPois} (Okawaru gifted it to you on level 15 of the Dungeon)
 16498 | D:15     | Reached XP level 15. HP: 125/133 MP: 12/14
 16673 | D:15     | Found a staircase to the Depths.
 16673 | D:15     | Noticed a frost giant
 16700 | D:15     | Killed a frost giant
 17231 | D:15     | Found a blossoming altar of Fedhas.
 17524 | Depths:1 | Entered Level 1 of the Depths
 17524 | Depths:1 | Found a one-way gate leading to the halls of Pandemonium.
 18444 | Depths:1 | Received a gift from Okawaru
 18471 | Depths:1 | Reached skill level 15 in Axes
 18520 | Depths:1 | Got a dazzling plate armour {god gift}
 18533 | Depths:1 | Identified the +15 plate armour of the Engineer {+Blink +Inv Dex-3} (Okawaru gifted it to you on level 1 of the Depths)
 18697 | Depths:1 | HP: 6/134 [white very ugly thing (12)]
 18697 | Depths:1 | Mangled by a white very ugly thing

Action                   |  1- 3 |  4- 6 |  7- 9 | 10-12 | 13-15 || total
-------------------------+-------+-------+-------+-------+-------++-------
Melee: War axe           |    81 |   126 |   384 |   289 |     6 ||   886
       Hand axe          |       |       |       |   633 |   881 ||  1514
       Mace              |       |       |       |    12 |       ||    12
Throw: Tomahawk          |       |       |    12 |    49 |    62 ||   123
Invok: Heroism           |       |       |       |    14 |    19 ||    33
Evoke: Wand              |     1 |       |     5 |    28 |    14 ||    48
  Use: Scroll            |     6 |     9 |     8 |    16 |     2 ||    41
       Potion            |       |       |       |     5 |     2 ||     7
  Eat: Chunk             |       |     5 |    13 |    17 |    18 ||    53
       Fruit             |       |       |       |     3 |     3 ||     6
       Beef jerky        |       |       |       |     2 |       ||     2
       Pizza             |       |       |       |     1 |       ||     1
